 Dungeon Crawl Stone Soup version 0.28-a0-732-g75e6d9beac (webtiles) character file.

Game seed: 15278259803030262021

405 Ijustatesigmund the Covert (level 6, -3/53 HPs)
             Began as a Gnoll Delver on Oct 29, 2021.
             Slain by Grinder (9 damage)
             ... on level 5 of the Dungeon.
             The game lasted 00:03:13 (1976 turns).

Ijustatesigmund the Covert (Gnoll Delver)           Turns: 1976, Time: 00:03:13

Health: -3/53      AC:  3    Str: 11    XL:     6   Next: 87%
Magic:  9/9        EV: 13    Int: 11    God:
Gold:   73         SH:  0    Dex: 14    Spells: 9/9 levels left

rFire   + . .      SeeInvis .   a - +1 hand axe
rCold   . . .      Faith    .   (no shield)
rNeg    . . .      Spirit   .   b - +0 leather armour
rPois   .          Reflect  .   (no helmet)
rElec   .          Harm     .   (no cloak)
rCorr   .          Rampage  .   (no gloves)
Will    .....                   (no boots)
Stlth   ++++......              (no amulet)
HPRegen 0.17/turn               h - ring of protection from fire
MPRegen 0.11/turn               (no ring)

@: no status effects
A: fangs 1, strong nose, distributed training
a: no special abilities


You were on level 5 of the Dungeon.
You visited 1 branch of the dungeon, and saw 2 of its levels.

You collected 73 gold pieces.

Inventory:

Hand Weapons
 a - a +1 hand axe (weapon)
Armour
 b - a +0 leather armour (worn)
Jewellery
 h - a ring of protection from fire (left hand)
 k - a ring of magical power
Wands
 g - a wand of digging (9)
Scrolls
 c - a scroll of fog
 d - a scroll of magic mapping
 e - a scroll of fear
 f - a scroll of teleportation
 i - a scroll of identify {unknown}


   Skills:
 + Level 6.9 Fighting
 + Level 2.1 Short Blades
 + Level 2.1 Long Blades
 + Level 5.0 Axes
 + Level 2.1 Maces & Flails
 + Level 2.1 Polearms
 + Level 2.1 Staves
 + Level 2.1 Slings
 + Level 2.1 Bows
 + Level 2.1 Crossbows
 + Level 2.1 Throwing
 + Level 2.1 Armour
 + Level 5.0 Dodging
 + Level 9.8 Stealth
 + Level 2.1 Shields
 + Level 2.1 Unarmed Combat
 + Level 2.1 Spellcasting
 + Level 1.7 Conjurations
 + Level 1.7 Hexes
 + Level 1.7 Summonings
 + Level 1.7 Necromancy
 + Level 1.7 Translocations
 + Level 1.7 Transmutations
 + Level 1.7 Fire Magic
 + Level 1.7 Ice Magic
 + Level 1.7 Air Magic
 + Level 1.7 Earth Magic
 + Level 1.7 Poison Magic
 + Level 2.3 Invocations
 + Level 2.1 Evocations


You had 9 spell levels left.
You didn't know any spells.
Your spell library was empty.

Dungeon Overview and Level Annotations

Branches:
Dungeon (5/15)
 Temple: D:4-7

Altars:

Annotations:
D:4 Dowan, Duvessa
D:5 Grinder, Menkaure


Innate Abilities, Weirdness & Mutations

You have very sharp teeth.
Your uncanny sense of smell can sniff out nearby items.
Your experience applies equally to all skills.


Message History

You hit the killer bee zombie but do no damage.
The killer bee zombie hits you. The hound bites you.
You hit the hound.
You kill the hound!
You hit Grinder. You hit Grinder.
Grinder is moderately wounded.
Grinder gestures at you. Pain shoots through your body!
You hit Grinder but do no damage. Your bite misses Grinder.
Grinder is moderately wounded.
Grinder gestures at you. Pain shoots through your body!
The howler monkey barely misses you.
You are too injured to fight recklessly!
You are too injured to fight recklessly!
You are too injured to fight recklessly!
You are too injured to fight recklessly!
You are too injured to fight recklessly!
You are too injured to fight recklessly!
You are too injured to fight recklessly!
You are too injured to fight recklessly!
Unknown command.
The howler monkey hoots and howls with incredible vigour!
You hear an angry hiss.
You hear a shout!
You hear an angry hiss.
It was a potion of curing.
You feel better. Grinder hits you!
You hit Grinder.
Grinder is moderately wounded.
Grinder hits you!
You writhe in agony.
You hit Grinder.
Grinder is heavily wounded.
You hit the killer bee zombie. The killer bee zombie hits you.
Grinder gestures at you. Pain shoots through your body!
* * * LOW HITPOINT WARNING * * *
You hit Grinder.
Grinder is heavily wounded.
You closely miss the killer bee zombie.
The killer bee zombie closely misses you. x2
Grinder hits you!
You die...

... ∆ #......#. .# ...
#.....# # ..
.[.###+#####.....# .....
.....#..#.......# 5....
.....##....<..#.# ....
..............#.# .....
..............#.# #.....
................####....##
..............#.@5h...)...
..(.....#.####.Z##..#....
...................## #
........#.#......###
.................#
###...!#.##......#
#.####.........# ..
###....... #.......


You could see Grinder, a howler monkey and a killer bee zombie.

Vanquished Creatures
  Eustachio (D:4)
  Blork the orc (D:4)
  A scorpion (D:5)
  2 hounds
  4 gnolls (D:4)
  2 adders (D:4)
  An orc (D:4)
  An endoplasm (D:4)
  A giant cockroach (D:4)
  6 goblins (D:4)
  3 hobgoblins (D:4)
  A ball python (D:4)
24 creatures vanquished.

Notes
Turn   | Place    | Note
-------+----------+-------------------------------------------
     0 | D:5      | Reached skill level 9 in Stealth
     0 | D:5      | Ijustatesigmund the Gnoll Delver began the quest for the
                  | Orb.
     0 | D:5      | Reached XP level 1. HP: 23/23 MP: 1/1
     4 | D:5      | Noticed Grinder
    14 | D:5      | Noticed an ice beast
    40 | D:4      | Noticed Duvessa
    40 | D:4      | Noticed Dowan
    66 | D:4      | Reached XP level 2. HP: 23/29 MP: 2/2
   162 | D:4      | Reached skill level 1 in Invocations
   162 | D:4      | Reached XP level 3. HP: 29/35 MP: 2/4
   511 | D:4      | Reached skill level 1 in Short Blades
   511 | D:4      | Reached skill level 1 in Long Blades
   511 | D:4      | Reached skill level 1 in Maces & Flails
   511 | D:4      | Reached skill level 1 in Polearms
   511 | D:4      | Reached skill level 1 in Staves
   511 | D:4      | Reached skill level 1 in Slings
   511 | D:4      | Reached skill level 1 in Bows
   511 | D:4      | Reached skill level 1 in Crossbows
   511 | D:4      | Reached skill level 1 in Throwing
   511 | D:4      | Reached skill level 1 in Armour
   511 | D:4      | Reached skill level 1 in Shields
   511 | D:4      | Reached skill level 1 in Unarmed Combat
   511 | D:4      | Reached skill level 1 in Spellcasting
   511 | D:4      | Reached skill level 1 in Evocations
   635 | D:4      | Noticed Blork the orc
   694 | D:4      | Killed Blork the orc
   695 | D:4      | Reached skill level 1 in Conjurations
   695 | D:4      | Reached skill level 1 in Hexes
   695 | D:4      | Reached skill level 1 in Summonings
   695 | D:4      | Reached skill level 1 in Necromancy
   695 | D:4      | Reached skill level 1 in Translocations
   695 | D:4      | Reached skill level 1 in Transmutations
   695 | D:4      | Reached skill level 1 in Fire Magic
   695 | D:4      | Reached skill level 1 in Ice Magic
   695 | D:4      | Reached skill level 1 in Air Magic
   695 | D:4      | Reached skill level 1 in Earth Magic
   695 | D:4      | Reached skill level 1 in Poison Magic
   695 | D:4      | Reached XP level 4. HP: 28/41 MP: 4/6
   695 | D:4      | Reached XP level 5. HP: 32/47 MP: 4/7
  1192 | D:4      | Noticed Eustachio
  1219 | D:4      | Killed Eustachio
  1220 | D:4      | Reached skill level 5 in Axes
  1220 | D:4      | Reached skill level 5 in Dodging
  1220 | D:4      | Reached XP level 6. HP: 11/53 MP: 7/9
  1641 | D:5      | Noticed Menkaure
  1976 | D:5      | Slain by Grinder

Illustrated notes

Levels and vault maps discovered:
D:4:      layout_basic, uniq_blork_the_orc, uniq_eustachio, uniq_duvessa
D:5:      layout_rooms, xom_teletrap_fun, minmay_temple_entry_hall,
          serial_shops, nicolae_shop_trees, serial_bayou, serial_bayou_lagoon_a,
          serial_bayou_pond_b, serial_bayou_crossing, serial_bayou_pond_e,
          wad_rectangle_vault, uniq_menkaure, uniq_grinder, uniq_ijyb

Skill      XL: |  1  2  3  4  5 |
---------------+----------------+-----
Stealth        | |  9.8
Invocations    | 1 2 |  2.3
Short Blades   | 1 2 |  2.1
Long Blades    | 1 2 |  2.1
Maces & Flails | 1 2 |  2.1
Polearms       | 1 2 |  2.1
Staves         | 1 2 |  2.1
Slings         | 1 2 |  2.1
Bows           | 1 2 |  2.1
Crossbows      | 1 2 |  2.1
Throwing       | 1 2 |  2.1
Armour         | 1 2 |  2.1
Shields        | 1 2 |  2.1
Unarmed Combat | 1 2 |  2.1
Spellcasting   | 1 2 |  2.1
Evocations     | 1 2 |  2.1
Conjurations   | 1 |  1.7
Hexes          | 1 |  1.7
Summonings     | 1 |  1.7
Necromancy     | 1 |  1.7
Translocations | 1 |  1.7
Transmutations | 1 |  1.7
Fire Magic     | 1 |  1.7
Ice Magic      | 1 |  1.7
Air Magic      | 1 |  1.7
Earth Magic    | 1 |  1.7
Poison Magic   | 1 |  1.7
Axes           | 5 |  5.0
Dodging        | 5 |  5.0
Fighting       | |  6.9

Action                   |  1- 3 |  4- 6 || total
-------------------------+-------+-------++-------
Melee: Hand axe          |    41 |    51 ||    92
       Bite              |     2 |     6 ||     8
Evoke: Wand              |     3 |     7 ||    10
  Use: Scroll            |     3 |       ||     3
       Potion            |       |     2 ||     2
 Stab: Sleeping          |     5 |     2 ||     7
Armor: Leather armour    |     9 |     8 ||    17
Dodge: Dodged            |    21 |    38 ||    59

Table legend: (Time is in decaauts)
 A = Elapsed time spent in this place.
 B = Non-inter-level travel time spent in this place.
 C = Inter-level travel time spent in this place.
 D = Time resting spent in this place.
 E = Time spent auto-exploring this place.
 F = Levels seen in this place.
 G = Mean time per level.
                   A        B        C        D        E       F      G
               +--------+--------+--------+--------+--------+-----+--------+
         Total |   1961 |   1957 |      4 |    911 |    647 |   2 |  980.5 |
       Dungeon |   1961 |   1957 |      4 |    911 |    647 |   2 |  980.5 |
               +--------+--------+--------+--------+--------+-----+--------+

Top non-repeatable levels by time:
     D:4: 1588 daAuts
     D:5: 372 daAuts
